 Dungeon Crawl Stone Soup version 0.31.0 (webtiles) character file.

Game seed: 2360007695730533646

37 qw the Shooter (level 3, -8/22 HPs)
             Began as a Gargoyle Hunter on Jan 20, 2024.
             Killed by divine providence
             ... invoked by an orc priest
              (12 damage)
             ... on level 3 of the Dungeon.
             The game lasted 00:00:04 (1537 turns).

qw the Shooter (Gargoyle Hunter)                    Turns: 1537, Time: 00:00:05

Health: -8/22      AC:  8    Str: 14    XL:     3   Next: 41%
Magic:  3/3        EV: 10    Int:  9    God:
Gold:   63         SH:  0    Dex: 15    Spells: 2/2 levels left

rFire   . . .        a - +0 shortbow
rCold   . . .        (shield currently unavailable)
rNeg    + . .        b - +0 ring mail
rPois   inf          (no helmet)
rElec   +            (no cloak)
rCorr   .            (no gloves)
SInv    .            (no boots)
Will    .....        (no amulet)
Stlth   +            (no ring)
HPRegen 0.23/turn    (no ring)
MPRegen 0.08/turn

%: no passive effects
@: no status effects
A: sickness immunity, AC +3, negative energy resistance 1, electricity
resistance, torment resistance 1, petrification resistance
a: no special abilities


You were on level 3 of the Dungeon.
You visited 1 branch of the dungeon, and saw 3 of its levels.

You collected 63 gold pieces.


Innate Abilities, Weirdness & Mutations

You are immune to sickness and miasma.
Your stone body is resilient. (AC +3)
You are immune to poison.
You resist negative energy. (rN+)
You are resistant to electric shocks. (rElec)
You are resistant to unholy torment.
You are immune to petrification.


   Skills:
 - Level 2.3 Fighting
 - Level 5.0 Ranged Weapons
 + Level 0.4 Armour
 - Level 1.5 Dodging
 - Level 1.1 Stealth


You had 2 spell levels left.
You didn't know any spells.
Your spell library was empty.

Inventory:

Hand Weapons
 a - a +0 shortbow (weapon)
Armour
 b - a +0 ring mail (worn)
Potions
 f - a potion of curing
 h - a potion of berserk rage {unknown}
 i - a potion of might {unknown}
 k - a potion of attraction {unknown}

Dungeon Overview and Level Annotations

Branches:
Dungeon (3/15)

Altars:


Message History

You open the door.
Found a long sword.
There is an open door here.
An endoplasm comes into view.
You shoot an arrow. The arrow hits the endoplasm.
The endoplasm is lightly wounded.
You shoot an arrow.
The arrow hits the endoplasm but does no damage.
The endoplasm is lightly wounded.
The orc priest calls down the wrath of Beogh upon you.
Beogh smites you!
You shoot an arrow. The arrow hits the endoplasm.
The endoplasm is moderately wounded.
You shoot an arrow.
The arrow hits the endoplasm but does no damage.
The endoplasm is lightly wounded.
You shoot an arrow. The arrow hits the endoplasm!
You kill the endoplasm!
The orc priest invokes the aid of Beogh against you.
Pain shoots through your body!
The orc priest mumbles some strange prayers to Beogh against you.
Pain shoots through your body!
The orc priest begins to cast a cantrip, but forgets the words!
You shoot an arrow. The arrow hits the orc priest!
The orc priest is heavily wounded.
You shoot an arrow.
The arrow closely misses the orc priest.
The arrow hits the orc.
The orc is almost dead.
The orc priest calls upon Beogh to heal the orc.
The orc's wounds heal themselves!
You shoot an arrow. The arrow hits the orc priest.
The orc priest is almost dead.
1537 ||| RETREEEEATING.
You shoot an arrow.
The arrow hits the orc but does no damage.
The orc priest hits you with a +1 hand axe of electrocution.
The orc priest calls down the wrath of Beogh upon you.
Beogh smites you!
Ouch! That really hurt!
You die...

##.....## ##.......##
#........$#
+.).......+
#.........# #.......#
#.....# #o@.# ##o##
#.# #o# ##o##
####o.(######
#...........#####.#
....#########.......#
... ...###.#.####


You could see 2 orc priests and 3 orcs.

Vanquished Creatures
  A ribbon worm (D:2)
  A dart slug (D:3)
  2 bats
  3 endoplasms
  2 giant cockroaches (D:1)
  A goblin (D:1)
  6 hobgoblins
  3 kobolds
  A quokka (D:1)
  4 ball pythons (D:1)
  A frilled lizard (D:1)
  2 rats (D:2)
27 creatures vanquished.

Notes
Turn   | Place    | Note
-------+----------+-------------------------------------------
     0 | D:1      | qw the Gargoyle Hunter began the quest for the Orb.
     0 | D:1      | Reached XP level 1. HP: 12/12 MP: 1/1
     0 | D:1      | 0 ||| qw: Version: 0.3-a-132-g3d54051
     0 | D:1      | 0 ||| qw: Game counter: 532
     0 | D:1      | 0 ||| qw: Melee chars always use a shield: true
     0 | D:1      | 0 ||| qw: God list: Okawaru
     0 | D:1      | 0 ||| qw: Allow faded altars: false
     0 | D:1      | 0 ||| qw: Do Orc after clearing Dungeon:15 true
     0 | D:1      | 0 ||| qw: Do second Lair branch before Depths: true
     0 | D:1      | 0 ||| qw: Lair rune preference: random
     0 | D:1      | 0 ||| qw: Goals: Normal
     0 | D:1      | 0 ||| PLANNING D:1-11
    63 | D:1      | Found a faded altar of an unknown god.
   114 | D:1      | Reached XP level 2. HP: 17/17 MP: 2/2
   536 | D:1      | 536 ||| READING scroll labelled GOVATZ POFA.
   637 | D:1      | 637 ||| READING scroll labelled FAUTUKORRA.
   638 | D:1      | 638 ||| READING scroll labelled SOCEUR ZITADE.
   639 | D:1      | 639 ||| DROPPING scroll of butterflies.
   710 | D:2      | Identified the +6 long sword of True Grit {flame, Stlth+}
   790 | D:2      | Reached XP level 3. HP: 21/21 MP: 3/3
   861 | D:2      | 861 ||| FLEEEEING.
   893 | D:2      | Reached skill level 5 in Ranged Weapons
  1349 | D:2      | 1349 ||| UPGRADING to +0 ring mail.
  1359 | D:2      | 1359 ||| DROPPING +0 leather armour.
  1360 | D:2      | 1360 ||| READING 2 scrolls labelled BUVVYM WETAS.
  1360 | D:2      | 1360 ||| IDENTIFYING viscous dark potion
  1361 | D:2      | 1361 ||| READING scroll of identify.
  1361 | D:2      | 1361 ||| IDENTIFYING sapphire potion
  1362 | D:2      | 1362 ||| READING scroll labelled YGATIM BAKLUF.
  1463 | D:2      | 1463 ||| READING scroll labelled SISMOU DIDIBUJ.
  1464 | D:2      | 1464 ||| DROPPING potion of brilliance.
  1533 | D:3      | HP: 4/22 [orc priest/nerve-wracking pain (3)]
  1537 | D:3      | 1537 ||| RETREEEEATING.
  1537 | D:3      | Killed from afar by an orc priest

Levels and vault maps discovered:
D:1:      lemuel_arrival_hallway, layout_basic, basic_ecumenical_altar,
          eino_curves_02, dk_noncrumbling_4, lemuel_flame_loot_1
D:2:      layout_loops_ring
D:3:      cheibrodos_pilgrimage, layout_loops_corners,
          nemelex_spade_bored_becter, gammafunk_ghost_mausoleum

Skill      XL: |  1  2  3 |
---------------+----------+-----
Ranged Weapons | 5 |  5.0
Fighting       | |  2.3
Armour         | |  0.4
Dodging        | |  1.5
Stealth        | |  1.1

Action                     || total
---------------------------++-------
   Fire: Shortbow          ||    76
    Use: Scroll            ||     7
 Armour: Leather armour    ||     6
         Ring mail         ||     1
  Dodge: Dodged            ||     5

Table legend:
 A = Non-vault XP
 B = Vault XP
 C = Vault XP percentage of total XP
 D = Non-vault monster count
 E = Vault monster count
 F = Vault count percentage of total count
                 A         B        C        D         E       F
            +---------+---------+-------+---------+---------+-------
      Total |      54 |       0 |   0.0 |      27 |       0 |   0.0
            +---------+---------+-------+---------+---------+-------
        D:1 |      28 |       0 |   0.0 |      15 |       0 |   0.0
        D:2 |      20 |       0 |   0.0 |      10 |       0 |   0.0
        D:3 |       6 |       0 |   0.0 |       2 |       0 |   0.0
            +---------+---------+-------+---------+---------+-------
